 Dungeon Sprint DCSS version 0.16-a0-3761-g2321f2b (console) character file.

352 Monkaria the Grappler (level 6, -1/65 HPs)
             Began as a Troll Monk on Jan 24, 2015.
             Was a Believer of Makhleb.
             Slain by Sonja
             ... wielding a +0 short sword of distortion
              (6 damage)
             ... while paralysed
             ... in the Dungeon (Sprint I: "Red Sonja").
             The game lasted 00:01:26 (172 turns).

Monkaria the Grappler (Troll Monk)                   Turns: 172, Time: 00:01:26

Health: -1/65      AC:  5    Str: 22    XL:     6   Next: 34%
Magic:  3/3        EV:  1    Int:  6    God:    Makhleb [**....]
Gold:   297        SH:  0    Dex: 12    Spells: 0 memorised, 5 levels left

rFire  . . .     SeeInvis .       - Unarmed
rCold  . . .     Clarity  .     a - +0 robe
rNeg   . . .     SustAb   .     (shield restricted)
rPois  .         Gourm    +     (helmet restricted)
rElec  .         Spirit   .     (no cloak)
rCorr  .         Warding  .     (gloves unavailable)
rMut   .         NoTele   +     (boots unavailable)
MR     .....                    (no amulet)
Stlth  +.........               (no ring)
                                (no ring)

@: paralysed, lethally poisoned, exhausted, short of breath, slowed, not
resistant to hostile enchantments, very unstealthy
A: unfitting armour, claws 3, fast metabolism 3, gourmand, regeneration 2,
shaggy fur 1, tough skin 2
a: Minor Destruction, Renounce Religion


You were in the Dungeon.
You worshipped Makhleb.
Makhleb was pleased with you.
You were very full.

You visited 1 branch You collected 297 gold pieces.

Inventory:

Armour
 a - a +0 robe (worn)
Scrolls
 h - a scroll of blinking
Potions
 c - a potion of curing
 d - a potion of heal wounds
 e - a potion of haste
 f - 3 potions of magic
Books
 j - a book of Fire

   Spells                             Type                      Level
   a - Ignite Poison                  Fire/Transmutation           5
   b - Fireball                       Conjuration/Fire             5
   c - Bolt of Fire                   Conjuration/Fire             6
   d - Delayed Fireball               Conjuration/Fire             7
   e - Ring of Flames                 Charms/Fire                  7
Comestibles
 b - 2 meat rations
 i - 6 chunks of flesh


   Skills:
 - Level 4.9 Fighting
 - Level 2.4 Dodging
 - Level 1.1 Stealth
 + Level 12.8 Unarmed Combat


You had 5 spell levels left.
You didn't know any spells.

Dungeon Overview and Level Annotations

Branches:
Dungeon (1/1)

Altars:
Elyvilon
Gozag
Kikubaaqudgha
Makhleb
Nemelex Xobeh
Okawaru
Qazlal
Ru
Sif Muna
Trog
Vehumet
Xom
Yredelemnul
Zin
The Shining One

Shops:
D *

Annotations:
D Sonja


Innate Abilities, Weirdness & Mutations

You are too large for most types of armour.
You have claws for hands.
Your metabolism is lightning-fast.
You like to eat raw meat.
You heal very quickly.
You are covered in fur (AC +1).
You have very tough skin (AC +2).


Message History

Space bends around you.
You feel sick.
Sonja hits you with an uncursed short sword of distortion!
You feel a strange sense of stasis. Sonja hits you but does no damage.
Sonja hits you with an uncursed short sword of distortion.
Space bends around you.
You feel sick.
Sonja says, "I'm academy-trained, you know."
Sonja hits you with an uncursed short sword of distortion!
* * * LOW HITPOINT WARNING * * *
Sonja hits you with an uncursed short sword of distortion.
* * * LOW HITPOINT WARNING * * *
You feel a strange sense of stasis. Sonja hits you but does no damage.
You feel a strange sense of stasis. Sonja completely misses you.
Sonja hits you but does no damage. Space bends around you.
* * * LOW HITPOINT WARNING * * *
Sonja hits you with an uncursed short sword of distortion.
* * * LOW HITPOINT WARNING * * *
Space bends around you.
You die...

################
#<.#..').#..'..#
#..)..#..').#..+
#..#####'#####'#
#..####..#...#[#
#..#__####..##.#
#..#_.K__##'#..+
#⌠⌠#_.∩@.(÷..._#
####_..._##_.#+#
#_____###'#
####### .# .$
§$# .## +#


You could see Sonja.

Vanquished Creatures
  A yak (D)
  An ogre (D)
  Sigmund (D)
  A jelly (D)
  Ijyb (D)
5 creatures vanquished.

Notes
Turn   | Place    | Note
--------------------------------------------------------------
     0 | D        | Monkaria, the Troll Monk, began the quest for the Orb.
     0 | D        | Reached XP level 1. HP: 22/22 MP: 1/1
     1 | D        | Noticed Ijyb
    11 | D        | Killed Ijyb
    11 | D        | Reached XP level 2. HP: 27/33 MP: 1/1
    23 | D        | Noticed an ogre
    28 | D        | Killed an ogre
    28 | D        | Reached skill level 8 in Unarmed Combat
    28 | D        | Reached XP level 3. HP: 41/41 MP: 2/2
    28 | D        | Reached XP level 4. HP: 49/49 MP: 2/2
    55 | D        | Noticed Sigmund
   100 | D        | Killed Sigmund
   100 | D        | Reached skill level 10 in Unarmed Combat
   100 | D        | Reached XP level 5. HP: 53/55 MP: 2/2
   114 | D        | Found a deep blue altar of Sif Muna.
   115 | D        | Noticed a jelly
   116 | D        | Found a radiant altar of Vehumet.
   122 | D        | Killed a jelly
   141 | D        | Found Prerr's Assorted Antiques.
   141 | D        | Found a white marble altar of Elyvilon.
   141 | D        | Found a stormy altar of Qazlal.
   141 | D        | Found a basalt altar of Yredelemnul.
   141 | D        | Found an iron altar of Okawaru.
   141 | D        | Found a sparkling altar of Nemelex Xobeh.
   141 | D        | Found a shimmering altar of Xom.
   141 | D        | Found an ancient bone altar of Kikubaaqudgha.
   141 | D        | Noticed a yak
   144 | D        | Killed a yak
   144 | D        | Reached skill level 12 in Unarmed Combat
   144 | D        | Reached XP level 6. HP: 61/65 MP: 3/3
   146 | D        | Found a burning altar of Makhleb.
   146 | D        | Found a sacrificial altar of Ru.
   146 | D        | Found a glowing golden altar of the Shining One.
   146 | D        | Found an opulent altar of Gozag.
   146 | D        | Found a glowing silver altar of Zin.
   151 | D        | Found a bloodstained altar of Trog.
   153 | D        | Became a worshipper of Makhleb the Destroyer
   153 | D        | Acquired Makhleb's first power
   153 | D        | Acquired Makhleb's second power
   165 | D        | Noticed Sonja
   172 | D        | Slain by Sonja

Action                   |  1- 3 |  4- 6 || total
-------------------------+-------+-------++-------
Melee: Unarmed           |    13 |    15 ||    28
  Use: Potion            |       |     1 ||     1
  Eat: Chunk             |     1 |     6 ||     7
